Map: 세룰리안 폴 - 래더

Players

RNK (SHIN)

  • Race: Zerg Zerg
  • League: Grandmaster
  • Spawn Location: 1:00

GuMiho - Winner!

  • Race: Terran Terran
  • League: Grandmaster
  • Spawn Location: 7:00

Event: IEM Season 13 - Katowice Server Qualifiers Asia 2

VOD

Have the link to the VOD?

Description

Time

  • Played on: Jan. 22, 2019, 5:22 a.m.
  • Length: 18:39

All games in this series

Show
View Real Time Build Order
Export as new Build Order

RNK Zerg 

Build Orders: Hatch First, Brood Lord Corruptor, Roach Hydra 

Get SALT Encoding   

  12  0:00  Drone  
  13  0:08  Drone  
  14  0:17  Overlord  
  14  0:22  Extractor  
  14  0:23  Drone  
  15  0:36  Drone x2  
  17  0:51  Hatchery  
  17  0:55  Drone  
  17  0:58  Drone  
  18  1:09  Extractor  
  17  1:14  Spawning Pool  
  17  1:18  Drone  
  17  1:21  Drone  
  18  1:27  Drone  
  19  1:37  Overlord  
  19  1:48  Drone  
  20  2:01  Queen  
  20  2:03  Queen  
  20  2:04  Zergling x4  
  26  2:21  Hatchery  
  25  2:24  Drone  
  25  2:27  Drone  
  27  2:30  Drone  
  27  2:35  Drone x2  
  30  2:39  Drone  
  31  2:46  Queen  
  33  2:51  Metabolic Boost  
  33  2:58  Overlord  
  33  3:03  Drone x3  
  36  3:17  Drone x5  
  36  3:18  Overlord  
  41  3:23  Drone x2  
  41  3:25  Drone  
  44  3:29  Overlord  
  44  3:35  Queen  
  44  3:40  Queen  
  48  3:45  Drone x2  
  50  3:49  Queen  
  50  3:53  Drone x2  
  54  3:56  Overlord  
  54  4:00  Zergling x4  
  54  4:01  Zergling x2  
  57  4:05  Drone  
  57  4:08  Spore Crawler  
  57  4:09  Drone  
  59  4:10  Drone  
  59  4:13  Overlord  
  59  4:14  Drone x2  
  59  4:15  Drone  
  62  4:20  Queen  
  62  4:22  Drone  
  62  4:23  Drone  
  66  4:32  Overlord  
  66  4:33  Drone x5  
  66  4:37  Roach Warren  
  70  4:40  Extractor  
  70  4:41  Extractor  
  70  4:42  Drone  
  70  4:44  Overlord  
  68  4:45  Zergling x2  
  68  4:46  Zergling x4  
  68  4:47  Zergling x2  
  68  4:49  Drone  
  68  4:50  Drone  
  68  4:51  Drone  
  75  4:55  Lair  
  75  5:03  Drone x4  
  79  5:12  Evolution Chamber, Drone  
  79  5:13  Evolution Chamber  
  78  5:14  Drone  
  78  5:16  Overlord  
  78  5:18  Drone x2  
  78  5:19  Extractor x2  
  78  5:20  Drone x3  
  82  5:22  Drone  
  82  5:23  Drone x3  
  85  5:31  Overlord  
  85  5:36  Spore Crawler, Drone  
  85  5:37  Drone x2  
  85  5:38  Hatchery  
  85  5:40  Spore Crawler  
  85  5:45  Overlord x2  
  85  5:53  Roach  
  85  5:54  Roach x5  
  97  6:02  Zergling x2  
  98  6:05  Roach x5  
  98  6:06  Roach  
  98  6:10  Zergling x8  
  100  6:20  Zergling x2  
  91  6:25  Overseer  
  91  6:27  Roach, Zergling x8  
  91  6:31  Queen x2, Drone  
  91  6:32  Drone x2  
  93  6:33  Drone  
  93  6:35  Queen  
  93  6:36  Drone  
  93  6:37  Drone  
  93  6:39  Drone  
  97  6:44  Zerg Missile Weapons Level 1  
  97  6:46  Zerg Ground Armor Level 1  
  97  6:51  Hydralisk Den, Glial Reconstitution  
  97  6:52  Infestation Pit  
  95  6:55  Drone x3  
  95  6:56  Drone  
  95  6:59  Queen  
  95  7:00  Drone x2  
  95  7:01  Drone  
  103  7:02  Drone  
  103  7:03  Extractor  
  99  7:13  Spore Crawler  
  98  7:17  Roach x2  
  98  7:18  Roach x2  
  98  7:19  Ravager  
  98  7:20  Grooved Spines  
  107  7:24  Hydralisk x4  
  107  7:26  Drone x2  
  107  7:28  Extractor  
  107  7:29  Extractor, Drone x2  
  117  7:33  Hive  
  117  7:35  Drone x2  
  119  7:41  Overseer  
  119  7:43  Overlord x3  
  119  7:56  Overlord  
  119  8:00  Spire  
  119  8:02  Hydralisk x2  
  119  8:03  Hydralisk  
  119  8:04  Hydralisk x2  
  128  8:06  Hydralisk x3  
  131  8:13  Roach  
  131  8:14  Hydralisk x2  
  131  8:15  Hydralisk  
  135  8:22  Drone x4  
  139  8:27  Overlord  
  139  8:31  Ravager, Overseer  
  139  8:32  Muscular Augments  
  139  8:38  Hatchery, Zerg Missile Weapons Level 2  
  138  8:44  Viper x3  
  142  8:51  Drone x3  
  142  8:54  Hydralisk x5  
  153  8:59  Drone x3  
  155  9:03  Queen, Extractor  
  155  9:08  Drone x2  
  158  9:13  Greater Spire  
  158  9:16  Overlord x2  
  158  9:21  Zerg Ground Armor Level 2  
  158  9:26  Pneumatized Carapace  
  158  9:33  Overlord x2  
  158  9:34  Overlord, Drone x3  
  158  9:35  Hydralisk  
  158  9:36  Hydralisk x2  
  167  9:44  Spore Crawler  
  167  9:45  Overlord, Hydralisk x2  
  158  9:46  Hydralisk x6  
  174  9:57  Queen  
  176  10:07  Corruptor x3  
  176  10:08  Corruptor  
  176  10:12  Corruptor  
  176  10:13  Corruptor  
  188  10:20  Spine Crawler  
  179  10:21  Extractor  
  179  10:22  Spine Crawler, Hydralisk  
  179  10:23  Hydralisk x2  
  179  10:25  Extractor  
  182  10:29  Drone x3  
  182  10:30  Drone x3  
  188  10:39  Drone  
  188  10:40  Drone x2  
  191  10:46  Overseer  
  191  10:49  Overseer  
  185  10:51  Spore Crawler  
  185  10:55  Spore Crawler  
  174  10:59  Overseer, Viper x2  
  174  11:03  Evolution Chamber  
  179  11:05  Evolution Chamber, Drone x3  
  179  11:06  Spore Crawler x3  
  175  11:20  Drone  
  175  11:21  Drone  
  173  11:27  Brood Lord x4  
  173  11:28  Brood Lord x2  
  185  11:44  Drone  
  185  11:45  Extractor, Spine Crawler, Drone x2, Corruptor x4  
  185  11:46  Corruptor  
  196  11:47  Spine Crawler x2  
  196  11:52  Corruptor  
  196  11:59  Hydralisk x2  
  200  12:08  Spine Crawler, Drone  
  200  12:09  Spine Crawler  
  200  12:10  Spine Crawler  
  200  12:11  Drone x2  
  200  12:12  Spine Crawler x2  
  200  12:13  Spine Crawler  
  200  12:14  Spine Crawler  
  196  12:17  Zerg Missile Weapons Level 3, Zerg Ground Armor Level 3  
  193  12:33  Hatchery  
  193  12:34  Unknown  
  142  12:47  Overlord x5  
  142  12:51  Drone x3  
  137  12:54  Drone  
  137  12:55  Drone x3  
  136  13:05  Drone x3  
  136  13:07  Corruptor x5  
  136  13:09  Brood Lord x4  
  136  13:10  Hatchery  
  154  13:20  Viper  
  154  13:24  Unknown  
  151  13:33  Zergling x8  
  155  13:42  Brood Lord x3  
  155  13:44  Zerg Flyer Weapons Level 1  
  155  13:48  Drone x6  
  166  13:52  Brood Lord  
  166  13:54  Drone x2  
  171  14:02  Extractor  
  170  14:03  Spore Crawler  
  170  14:05  Spore Crawler x2  
  170  14:06  Extractor  
  170  14:07  Viper  
  170  14:09  Viper  
  168  14:11  Spore Crawler  
  163  14:23  Drone x7  
  163  14:24  Hatchery, Drone x6  
  167  14:31  Zergling x4  
  170  14:35  Pathogen Glands  
  170  14:37  Zerg Melee Weapons Level 1  
  171  14:42  Drone x2  
  171  14:45  Spore Crawler  
  172  14:57  Infestor x4  
  172  14:58  Infestor  
  182  15:04  Hydralisk x4  
  186  15:11  Hydralisk x5  
  196  15:15  Zergling x8  
  200  15:30  Unknown  
  185  15:39  Hydralisk x11  
  183  15:45  Zergling x8  
  183  15:54  Hydralisk x4  
  167  15:59  Drone x3  
  167  16:00  Drone  
  171  16:04  Corruptor  
  171  16:05  Corruptor  
  175  16:12  Burrow, Drone  
  175  16:13  Drone  
  177  16:20  Viper x2  
  177  16:21  Viper  
  177  16:22  Corruptor  
  177  16:24  Corruptor  
  189  16:33  Drone x3  
  189  16:34  Drone x3  
  189  16:39  Brood Lord, Corruptor x2  
  190  16:41  Drone x2  
  190  16:45  Drone x2  
  190  16:46  Drone  
  188  17:03  Brood Lord  
  188  17:04  Brood Lord  
  188  17:08  Corruptor  
  188  17:09  Corruptor  
  182  17:18  Corruptor x2  
  186  17:26  Corruptor x2  
  186  17:27  Zergling x6  
  186  17:28  Zergling x2  
  194  17:31  Zergling x4  
  194  17:33  Zergling x2  
  194  17:35  Zergling x4  
  158  17:46  Hydralisk, Zergling x10  
  158  17:47  Zergling x8  
  158  17:48  Zergling x2  
  158  17:50  Zergling x4  
  158  17:51  Zergling x2  
  142  17:57  Brood Lord  
  142  17:58  Brood Lord  
  142  18:01  Hydralisk  
  142  18:02  Zergling x4  
  142  18:04  Zergling x2  
  142  18:05  Zergling x2  
  132  18:06  Zergling x4  
  133  18:17  Zergling x2  
  132  18:21  Zergling x6  
Show
View Real Time Build Order
Export as new Build Order

GuMiho Terran - Winner!

Build Orders: Reaper Expand, Mech 

Get SALT Encoding   

  12  0:00  SCV  
  13  0:13  SCV  
  14  0:17  Supply Depot  
  14  0:25  SCV  
  15  0:39  SCV  
  15  0:41  Barracks  
  16  0:44  Refinery  
  16  0:51  SCV  
  17  1:03  SCV  
  18  1:15  SCV  
  19  1:27  Orbital Command  
  19  1:28  Reaper  
  20  1:40  Command Center  
  20  1:50  Supply Depot  
  20  1:53  SCV  
  21  2:00  Marine  
  22  2:05  SCV  
  22  2:08  Factory  
  23  2:17  SCV  
  25  2:24  Barracks Reactor  
  24  2:31  SCV  
  25  2:37  Command Center  
  25  2:43  SCV  
  26  2:46  Refinery  
  26  2:52  Orbital Command  
  26  2:56  SCV  
  27  3:02  Starport  
  27  3:08  SCV  
  27  3:10  Hellion  
  30  3:14  Hellion  
  30  3:16  Barracks Tech Lab  
  32  3:20  SCV  
  32  3:22  SCV  
  34  3:32  SCV  
  34  3:33  Hellion  
  37  3:34  SCV  
  37  3:35  Hellion  
  37  3:41  Viking  
  42  3:46  SCV x2  
  44  3:49  Orbital Command  
  44  3:58  SCV x2  
  46  4:05  Supply Depot  
  46  4:06  Marine x2, Siege Tank  
  51  4:10  SCV x2  
  51  4:12  Starport Tech Lab  
  51  4:16  SCV  
  54  4:19  Refinery  
  54  4:21  Refinery  
  54  4:22  SCV x2  
  56  4:25  Marine x2  
  56  4:28  Supply Depot  
  58  4:32  Orbital Command, Medivac  
  58  4:34  SCV  
  58  4:37  SCV  
  62  4:38  Siege Tank  
  62  4:43  Marine  
  62  4:44  Marine  
  67  4:47  Supply Depot  
  67  4:50  Armory  
  67  4:51  SCV x2  
  69  4:56  Supply Depot  
  69  4:58  SCV  
  70  5:03  SCV x2, Banshee  
  70  5:04  Marine x2  
  77  5:10  SCV  
  78  5:15  SCV  
  78  5:17  SCV  
  78  5:21  Cloaking Field  
  80  5:22  SCV  
  80  5:23  Refinery  
  80  5:25  Refinery  
  80  5:26  Factory, Supply Depot  
  81  5:30  Barracks Tech Lab  
  81  5:31  SCV  
  81  5:32  SCV, Supply Depot  
  83  5:38  Hellion  
  83  5:39  Hellion  
  87  5:47  SCV x3  
  87  5:48  Terran Vehicle And Ship Armor Level 1  
  90  5:51  Supply Depot  
  90  5:53  Banshee  
  93  5:59  SCV x2  
  97  6:11  Hellion x2  
  97  6:22  Siege Tank  
  86  6:33  Hellion  
  86  6:34  SCV x2  
  86  6:36  Factory, Hellion  
  86  6:37  Banshee  
  86  6:38  SCV  
  83  6:45  Factory  
  83  6:46  SCV x2, Engineering Bay  
  85  6:47  Factory  
  85  6:50  SCV  
  86  6:55  Supply Depot  
  86  6:56  Supply Depot  
  86  6:58  SCV x2  
  86  6:59  Supply Depot  
  91  7:01  Hellion  
  91  7:02  Hellion  
  95  7:09  Thor  
  95  7:10  SCV x2  
  95  7:11  SCV  
  95  7:15  Hyperflight Rotors  
  101  7:16  Barracks Reactor  
  101  7:19  Banshee  
  104  7:23  Hellion x2  
  104  7:24  Command Center  
  104  7:26  Factory Tech Lab  
  104  7:29  SCV x3  
  111  7:33  Factory Tech Lab  
  111  7:42  Supply Depot, Cyclone  
  111  7:43  Missile Turret, Terran Vehicle And Ship Armor Level 2  
  114  7:45  Supply Depot  
  114  7:46  Hellion  
  114  7:48  Cyclone  
  121  7:51  Hellion  
  121  7:52  Cyclone  
  121  7:58  SCV x3  
  127  8:01  Siege Tank  
  127  8:04  Banshee  
  133  8:10  Hellion  
  135  8:19  Cyclone  
  136  8:20  Hellion  
  136  8:21  Hellion  
  136  8:24  Siege Tank  
  136  8:25  Factory, SCV x3  
  136  8:27  Factory  
  144  8:34  Siege Tank  
  144  8:35  Hellion  
  144  8:36  Mag-Field Accelerator  
  144  8:37  Infernal Pre-Igniter  
  149  8:42  Refinery  
  149  8:44  Refinery  
  149  8:54  Siege Tank x2  
  149  8:55  Banshee, Hellion  
  156  9:02  Planetary Fortress  
  156  9:10  Factory Tech Lab, Factory Reactor  
  156  9:13  Starport  
  156  9:14  Hellion x3  
  156  9:15  Starport  
  156  9:16  Hellion  
  164  9:21  Armory  
  164  9:32  Cyclone  
  164  9:33  Cyclone  
  164  9:37  Supply Depot x2  
  164  9:38  Supply Depot, Cyclone  
  169  9:45  Cyclone x2  
  165  9:46  Hellion x2  
  165  9:47  Hellion  
  171  10:00  Command Center x2  
  171  10:01  Supply Depot  
  171  10:05  Hellion  
  173  10:12  Sensor Tower  
  163  10:27  Cyclone x4  
  163  10:28  Starport Reactor  
  173  10:29  Starport Reactor  
  173  10:40  Terran Vehicle And Ship Armor Level 3  
  173  10:41  Sensor Tower  
  173  10:42  Terran Vehicle Weapons Level 1  
  172  10:55  Sensor Tower  
  169  11:08  Viking x2  
  169  11:09  Viking x3  
  176  11:14  Siege Tank x3  
  176  11:15  Siege Tank  
  176  11:18  Hellion  
  186  11:21  Orbital Command x2  
  174  11:34  Siege Tank  
  174  11:35  Hellion x3  
  174  11:37  Command Center  
  174  11:39  Viking  
  176  11:40  Viking x3  
  176  11:42  Viking  
  176  11:46  Siege Tank  
  183  12:04  Hi-Sec Auto Tracking, Missile Turret  
  183  12:06  Missile Turret  
  183  12:08  Missile Turret  
  183  12:09  Missile Turret  
  183  12:12  Command Center  
  183  12:15  Viking x2  
  185  12:19  Viking  
  189  12:24  Viking  
  189  12:28  Viking  
  185  12:36  Terran Ship Weapons Level 1  
  166  12:45  Viking x2  
  166  12:49  Viking  
  160  12:53  Cyclone x2  
  160  12:54  Viking  
  160  12:56  Hellion  
  160  12:58  Viking  
  168  13:01  Neosteel Armor, Hellion x2  
  168  13:06  Planetary Fortress  
  168  13:14  Thor x2  
  168  13:18  Terran Vehicle Weapons Level 2  
  180  13:29  Smart Servos  
  180  13:33  Thor  
  186  13:34  Hellion x5  
  186  13:35  Hellion  
  186  13:38  Refinery, Hellion x7  
  186  13:40  Refinery  
  194  13:53  Missile Turret  
  194  13:57  Planetary Fortress  
  194  14:03  Missile Turret  
  194  14:04  Missile Turret  
  194  14:14  Refinery  
  194  14:15  Refinery  
  178  14:25  Missile Turret  
  178  14:27  Viking x2, Raven  
  178  14:28  Viking x2  
  184  14:35  Command Center  
  184  14:36  Command Center  
  184  14:41  Siege Tank  
  184  14:42  Siege Tank x4  
  188  15:28  Siege Tank x2  
  188  15:30  Siege Tank  
  188  15:31  Siege Tank x2  
  188  15:34  Hellion x2  
  188  15:35  Hellion x2  
  139  15:45  Viking x5  
  141  15:55  Hellion x2  
  141  15:56  Hellion x2  
  147  16:00  Siege Tank x2  
  147  16:02  Siege Tank  
  147  16:03  Siege Tank x2, Orbital Command x2  
  162  16:14  Viking  
  162  16:17  Hellion x2  
  162  16:18  Raven, Hellion  
  170  16:20  Viking x2  
  170  16:22  Viking  
  170  16:25  Command Center  
  178  16:32  Siege Tank  
  180  16:41  Command Center  
  178  16:48  Viking  
  178  16:50  Viking  
  182  16:56  Orbital Command  
  182  17:00  Orbital Command  
  182  17:15  Hellion x2, Siege Tank x2  
  187  17:16  Hellion x3  
  187  17:22  Viking x5  
  198  17:23  Orbital Command  
  200  17:39  Siege Tank  
  200  17:41  Siege Tank  
  187  17:45  Hellion x3  
  187  17:46  Hellion  
  187  17:47  Hellion  
  161  17:52  Cyclone  
  161  17:53  Cyclone  
  145  18:06  Hellion x3  
  145  18:08  Hellion  
  145  18:11  Hellion  

Tags
 
Add a new tag
Caveats
  • Supply blocks, unpowered buildings, or Contaminate may cause inaccurate times.
  • Supply counts are checked every 10 seconds.